 Dungeon Crawl Stone Soup version 0.29.1-2-gbd0b4ee654 (webtiles) character file.

Game seed: 17029239307459955974

63 Icepheonix32 the Ruffian (level 3, -1/28 HPs)
             Began as a Demigod Transmuter on Nov 4, 2022.
             Slain by an orc
             ... wielding a +0 dagger
              (3 damage)
             ... on level 3 of the Dungeon.
             The game lasted 00:02:28 (2338 turns).

Icepheonix32 the Ruffian (Demigod Transmuter)       Turns: 2338, Time: 00:02:28

Health: -1/28      AC:  2    Str: 15    XL:     3   Next: 63%
Magic:  8/8        EV: 12    Int: 15    God:
Gold:   84         SH:  0    Dex: 14    Spells: 5/6 levels left

rFire   + . .      SeeInvis .     - Unarmed
rCold   . . .      Faith    .   (no shield)
rNeg    . . .      Spirit   .   a - +0 robe
rPois   .          Reflect  .   (no helmet)
rElec   .          Harm     .   (no cloak)
rCorr   .          Rampage  .   (no gloves)
Will    .....                   (no boots)
Stlth   +.........              f - amulet of magic regeneration
HPRegen 0.09/turn               e - ring of protection from fire
MPRegen 0.51/turn               (no ring)

@: no status effects
A: high MP 1, forlorn, divine attributes
a: no special abilities


You were on level 3 of the Dungeon.
You visited 1 branch of the dungeon, and saw 3 of its levels.

You collected 84 gold pieces.

Inventory:

Armour
 a - a +0 robe (worn)
Jewellery
 e - a ring of protection from fire (left hand)
 f - an amulet of magic regeneration (around neck)
Scrolls
 c - 4 scrolls of identify {unknown}
 d - a scroll of vulnerability {unknown}
 g - a scroll of poison {unknown}
 i - a scroll of enchant weapon {unknown}
 k - a scroll of blinking {unknown}
 l - a scroll of butterflies {unknown}
 m - a scroll of amnesia {unknown}
 n - a scroll of enchant armour {unknown}
Potions
 b - a potion of lignification
 h - 2 potions of curing {unknown}
 j - a potion of resistance {unknown}
 o - a potion of haste {unknown}
 p - a potion of attraction {unknown}


   Skills:
 + Level 1.1 Fighting
 + Level 2.1 Dodging
 - Level 0.3 Stealth
 + Level 3.3 Unarmed Combat
 + Level 2.1 Spellcasting
 * Level 2.4 Transmutations


You had 5 spell levels left.
You knew the following spells:

 Your Spells              Type           Power      Damage    Failure   Level
a - Beastly Appendage     Tmut           16%        N/A       9%          1

Your spell library contained the following spells:

 Spells                   Type           Power      Damage    Failure   Level
 Wereblood                Tmut           8%         N/A       12%         2
 Static Discharge         Conj/Air       1%         3-4/arc   32%         2
 Spider Form              Tmut/Pois      5%         N/A       36%         3
 Ice Form                 Ice/Tmut       5%         N/A       78%         4
 Lightning Bolt           Conj/Air       0%         1d11      99%         5
 Maxwell's Capacitive Co  Air            0%         ∞         100%        8


Dungeon Overview and Level Annotations

Branches:
Dungeon (3/15)

Annotations:
D:2 Sigmund


Innate Abilities, Weirdness & Mutations

You have an increased reservoir of magic. (+10% MP)
You shall have no god before yourself.
Your divine heritage dramatically boosts your attributes as you level up.


Message History

No target in view!
No target in view!
No target in view!
No target in view!
No target in view!
No target in view!
o - a fuming red potion Your transformation is almost over.
You now have 76 gold pieces (gained 10).
Your horns disappear.
Your talons disappear.
p - a pink potion You enter the shallow water.
Moving in this stuff is going to be slow.
Found a sling. 2 orcs and an orc wizard come into view.
Found 8 gold pieces.
Found a stone staircase leading up.
You now have 84 gold pieces (gained 8).
Found 16 gold pieces.
An orc wizard comes into view. It is wielding a +1 dagger of speed.
The orc wizard shouts!
An orc comes into view. It is wielding a +0 flail.
An orc comes into view.
It is wielding a +0 dagger and quivering boomerangs of dispersal.
The orc shouts! x2
The orc wizard hits you with a +1 dagger of speed.
The orc wizard points at you and mumbles some strange words.
You are confused.
You see here 16 gold pieces.
The orc wizard hits you with a +1 dagger of speed.
The orc hits you with a +0 dagger. The orc wizard closely misses you.
You see here 16 gold pieces.
You closely miss the orc. The orc hits you with a +0 flail!
The orc barely misses you.
The orc wizard hits you with a +1 dagger of speed. x2
* * * LOW HITPOINT WARNING * * *
The orc attacks as you move away! The orc hits you with a +0 flail.
* * * LOW HITPOINT WARNING * * *
You feel less confused. The orc hits you with a +0 dagger.
You die...

....<.....#
#..#.####.#
#.........#
#.##.####.# #
#.##.# #.#
#.###.##.####.#
#.#.....o.......#
#.....oo$.......#
.......@#########
#########


You could see an orc wizard and 2 orcs.

Vanquished Creatures
  2 adders (D:2)
  3 worms
  4 ball pythons (D:1)
  3 bats (D:1)
  4 endoplasms
  A giant cockroach (D:1)
  5 goblins
  2 hobgoblins
  4 kobolds
  3 quokkas (D:1)
  4 rats
35 creatures vanquished.

Notes
Turn   | Place    | Note
-------+----------+-------------------------------------------
     0 | D:1      | Icepheonix32 the Demigod Transmuter began the quest for the
                  | Orb.
     0 | D:1      | Reached XP level 1. HP: 15/15 MP: 5/5
   131 | D:1      | Reached skill level 3 in Unarmed Combat
   355 | D:1      | Reached XP level 2. HP: 17/22 MP: 7/7
  1403 | D:2      | Reached skill level 1 in Fighting
  1481 | D:2      | Noticed Sigmund
  1496 | D:2      | Reached XP level 3. HP: 27/28 MP: 8/8
  2338 | D:3      | Slain by an orc

Illustrated notes

Levels and vault maps discovered:
D:1:      scummos_arrival_simple_crosswalls, layout_basic,
          shapermc_ecumenical_altar_notcrosses
D:2:      layout_loops_ring, uniq_crazy_yiuf_cottage, uniq_sigmund
D:3:      layout_basic, hangedman_ru_absence, grunt_ministairs_9, st_stairs_7

Skill      XL: |  1  2 |
---------------+-------+-----
Transmutations | 2 |  2.4
Unarmed Combat | 3 |  3.3
Spellcasting   | 2 |  2.1
Dodging        | 2 |  2.1
Fighting       | 1 |  1.1
Stealth        | |  0.3

Action                   || total
-------------------------++-------
Melee: Unarmed           ||    90
       Kick              ||    21
       Headbutt          ||    15
       Punch             ||     2
 Cast: Beastly Appendage ||    27
 Stab: Sleeping          ||     1
Armor: Robe              ||     9
Dodge: Dodged            ||    48
